 Dungeon Crawl Stone Soup version 0.31-a0-971-g75a2e9a4b4 (webtiles) character file.

Game seed: 3170606024088817856

218 JackS81 the Ruffian (level 5, -1/37 HPs)
             Began as a Demonspawn Shapeshifter on Oct 28, 2023.
             Killed by nerve-wracking pain
             ... invoked by an orc priest
              (10 damage)
             ... on level 3 of the Dungeon.
             The game lasted 00:07:59 (2006 turns).

JackS81 the Ruffian (Demonspawn Shapeshifter)       Turns: 2006, Time: 00:08:00

Health: -1/37      AC:  6    Str: 16    XL:     5   Next: 63%
Magic:  5/5        EV: 11    Int: 12    God:
Gold:   81         SH:  4    Dex: 12    Spells: 4/4 levels left

rFire   . .          .
                       - Unarmed
rCold   . . .        (no shield)
rNeg    . . .        g - +0 scale mail
rPois   .            (helmet currently unavailable)
rElec   .            (cloak currently unavailable)
rCorr   .            (gloves currently unavailable)
SInv    +            (boots currently unavailable)
Will    .....        (no amulet) Stlth
                     k - ring of see invisible
HPRegen 0.26/turn    (no ring)
MPRegen 0.09/turn

%: no passive effects
@: beast-form
A: beast (slay +2), antennae 1, repulsion field 1, powered by pain 1,
condensation shield
a: Begin Untransformation


You were on level 3 of the Dungeon.
You were a hulking beast.
You visited 1 branch of the dungeon, and saw 4 of its levels.

You collected 81 gold pieces.

Inventory:

Hand Weapons
 m - a +2 spectral quarterstaff
Armour
 a - a +0 animal skin
 g - a +0 scale mail (worn)
 l - a +0 helmet
Jewellery
 k - a ring of see invisible (left hand)
Talismans
 c - a beast talisman
 d - a flux talisman
Scrolls
 e - 2 scrolls of enchant armour {unknown}
 h - a scroll of brand weapon {unknown}
 i - a scroll of identify {unknown}
 j - 2 scrolls of amnesia {unknown}
 n - 2 scrolls of revelation {unknown}
 p - a scroll of immolation {unknown}
 q - 2 scrolls of blinking {unknown}
 r - a scroll of fog {unknown}
Potions
 b - 2 potions of lignification
 f - a potion of heal wounds {unknown}
 o - a potion of curing {unknown}
 s - a potion of enlightenment {unknown}
 t - a potion of ambrosia {unknown}
 u - a potion of degeneration {unknown}


   Skills:
 + Level 1.0 Fighting
 - Level 1.7 Dodging
 + Level 4.5 Unarmed Combat
 * Level 4.3 Shapeshifting


You had 4 spell levels left.
You didn't know any spells.
Your spell library contained the following spells:

 Spells                   Type           Power      Damage    Failure   Level
 Cigotuvi's Dreadful Rot  Necr/Pois/Air  0%         N/A       88%         2
 Ensorcelled Hibernation  Hex/Ice        0%         N/A       88%         2
 Passwall                 Tmut/Erth      0%         N/A       88%         2
 Dazzling Flash           Conj/Hex       0%         N/A       98%         3
 Ignite Poison            Fire/Tmut/Pois 0%         N/A       98%         3
 Swiftness                Air            0%         N/A       98%         3
 Volatile Blastmotes      Fire/Tloc      0%         2d10      98%         3
 Freezing Cloud           Conj/Ice/Air   0%         6-21      100%        5
 Starburst                Conj/Fire      0%         6d3       100%        6
 Maxwell's Capacitive Co  Air            0%         ∞         100%        8


Dungeon Overview and Level Annotations

Branches:
Dungeon (4/15)
 Temple: D:4-7

Altars:

Shops:
D:1 :


Innate Abilities, Weirdness & Mutations

You are a hulking beast.
Your limbs bulge with bestial killing power. (Slay +2)
You have a pair of small antennae on your head.
You are surrounded by a mild repulsion field. (EV +2)
You sometimes gain a little power by taking damage.
A meltable shield of frost defends you. (SH +4)


Message History

You hit the orc priest.
The orc priest is lightly wounded.
The orc priest hits you but does no damage.
You punch the orc priest!
The orc priest is severely wounded.
The orc priest looks braver for a moment.
The orc priest hits you with a +0 hand axe.
You hit the orc priest.
The orc priest is severely wounded.
The orc priest miscasts a cantrip.
The orc priest completely misses you.
You hit the orc priest.
The orc priest is severely wounded.
You completely miss the orc priest.
The orc priest is severely wounded.
The orc priest hits you with a +0 hand axe.
You closely miss the orc priest.
The orc priest is severely wounded.
The orc priest hits you but does no damage.
You hit the orc priest.
You kill the orc priest!
You hit the orc.
The orc is moderately wounded.
The orc closely misses you.
The orc priest casts a cantrip, but nothing happens.
You hit the orc.
You kill the orc!
The orc priest invokes the aid of Beogh against you.
Beogh smites you!
* * * LOW HITPOINT WARNING * * *
You hit the orc but do no damage. The orc hits you with a +0 dagger.
* * * LOW HITPOINT WARNING * * *
You barely miss the orc. You block the orc's attack.
You barely miss the orc. The orc hits you but does no damage.
The orc priest looks encouraged for a moment.
You punch the orc!
You kill the orc!
The orc priest calls down the wrath of Beogh upon you.
Pain shoots through your body!
You die...

#### #.. #.# #†# #h# #)#
.. ##.### ##o###....
...... #........o
#..###S.oo
#########..###..o.
#######......##..)..oS.o
.......†####.##.########
# ######### #.##.# #


You could see an orc priest.

Vanquished Creatures
  A scorpion (D:4)
  2 orc priests
  A hound (D:3)
  3 dart slugs (D:1)
  8 orcs
  4 ball pythons
  5 endoplasms
  3 giant cockroaches
  6 goblins
  5 hobgoblins
  6 quokkas
  5 bats
  A frilled lizard (D:1)
  6 kobolds
  6 rats
62 creatures vanquished.

Vanquished Creatures (others)
  An orc (D:3)
1 creature vanquished.

Grand Total: 63 creatures vanquished

Notes
Turn   | Place    | Note
-------+----------+-------------------------------------------
     0 | D:1      | JackS81 the Demonspawn Shapeshifter began the quest for the
                  | Orb.
     0 | D:1      | Reached XP level 1. HP: 15/15 MP: 1/1
    54 | D:1      | Gained mutation: You are surrounded by a mild repulsion
                  | field. (EV +2) [demonic ancestry]
    54 | D:1      | Reached XP level 2. HP: 21/21 MP: 2/2
   126 | D:1      | Found Awieh's Book Boutique.
   520 | D:1      | Gained mutation: You have a pair of small antennae on your
                  | head. [demonic ancestry]
   520 | D:1      | Reached XP level 3. HP: 26/26 MP: 3/3
  1078 | D:2      | You fall into a shaft and drop 2 floors!
  1113 | D:4      | Noticed a scorpion
  1123 | D:4      | Killed a scorpion
  1124 | D:4      | Gained mutation: A meltable shield of frost defends you.
                  | (SH +4) [demonic ancestry]
  1124 | D:4      | Reached XP level 4. HP: 32/32 MP: 4/4
  1263 | D:4      | Gained mutation: You sometimes gain a little power by
                  | taking damage. [demonic ancestry]
  1263 | D:4      | Reached XP level 5. HP: 21/37 MP: 5/5
  2006 | D:3      | Killed from afar by an orc priest

Illustrated notes

Levels and vault maps discovered:
D:1:      spicycebolla_green_bress_n_ham_2, layout_basic, serial_shops, shop,
          minmay_misc_feat_five, minmay_pentomino_u4
D:2:      layout_loops_cross
D:3:      layout_loops_ring
D:4:      layout_loops_ring, nicolae_elevator_lobby_asterisk

Skill      XL: |  1  2  3  4 |
---------------+-------------+-----
Shapeshifting  | 3 4 |  4.3
Unarmed Combat | 3 4 |  4.5
Fighting       | |  1.0
Dodging        | |  1.7

Action                     |  1- 3 |  4- 6 || total
---------------------------+-------+-------++-------
  Melee: Unarmed           |   106 |    87 ||   193
         Punch             |     1 |     2 ||     3
    Use: Potion            |     1 |       ||     1
 Armour: Animal skin       |    36 |       ||    36
         Scale mail        |     8 |    41 ||    49
  Dodge: Dodged            |    66 |    28 ||    94
  Block: Other             |       |     9 ||     9

Table legend: (Time is in decaauts)
 A = Elapsed time spent in this place.
 B = Non-inter-level travel time spent in this place.
 C = Inter-level travel time spent in this place.
 D = Time resting spent in this place.
 E = Time spent auto-exploring this place.
 F = Levels seen in this place.
 G = Mean time per level.
                   A        B        C        D        E       F      G
               +--------+--------+--------+--------+--------+-----+--------+
         Total |   1994 |   1923 |     71 |     31 |   1358 |   4 |  498.5 |
       Dungeon |   1994 |   1923 |     71 |     31 |   1358 |   4 |  498.5 |
               +--------+--------+--------+--------+--------+-----+--------+

Top non-repeatable levels by time:
     D:1: 681 daAuts
     D:2: 594 daAuts
     D:3: 440 daAuts
     D:4: 277 daAuts
